 Dungeon Crawl Stone Soup version 0.20.1-1-g8b1a95d (webtiles) character file.

93 Fonzie49 the Chopper (level 4, -3/35 HPs)
             Began as a Demonspawn Chaos Knight on Nov 29, 2017.
             Slain by 40fy's ghost (8 damage)
             ... on level 3 of the Dungeon on Nov 30, 2017.
             The game lasted 00:09:02 (1711 turns).

Fonzie49 the Chopper (Demonspawn Chaos Knight)      Turns: 1711, Time: 00:09:02

Health: -3/35      AC:  5    Str: 13    XL:     4   Next: 36%
Magic:  4/4        EV: 10    Int: 18    God:    Xom [...*..]
Gold:   95         SH:  0    Dex: 13    Spells: 3/3 levels left

rFire    + . .     SeeInvis .   a - +0 hand axe (chaos)
rCold    . . .     Gourm    .   (no shield)
rNeg     . . .     Faith    .   g - +0 ring mail
rPois    .         Spirit   .   (helmet restricted)
rElec    .         Reflect  .   (no cloak)
rCorr    .         Harm     .   (no gloves)
MR       .....                  (no boots)
Stlth    ++........             (no amulet)
Regen    0.2/turn               j - ring of protection from fire
MPRegen  0.1/turn               d - ring of stealth

@: brilliant
A: horns 1, rot immunity
a: Renounce Religion


You were on level 3 of the Dungeon.
You worshipped Xom.
You were a favourite toy of Xom.
You were not hungry.

You visited 1 branch of the dungeon, and saw 3 of its levels.

You collected 95 gold pieces.

Inventory:

Hand Weapons
 a - a +0 hand axe of chaos (weapon)
Armour
 g - a +0 ring mail (worn)
Jewellery
 d - a ring of stealth (right hand)
 j - a ring of protection from fire (left hand)
Scrolls
 e - a scroll of enchant weapon {unknown}
 h - a scroll of remove curse
 i - 2 scrolls of identify
 l - a scroll of amnesia {unknown}
Comestibles
 b - 3 meat rations
 c - 4 bread rations
 k - 2 fruits


   Skills:
 + Level 3.4 Fighting
 + Level 3.6 Axes
 + Level 2.9 Armour
 + Level 1.1 Dodging
 + Level 0.4 Stealth


You had 3 spell levels left.
You didn't know any spells.

Dungeon Overview and Level Annotations

Branches:
Dungeon (3/15)

Altars:
Ashenzari
Yredelemnul

Annotations:
D:3 40fy's ghost, amateur MiFi; Grinder


Innate Abilities, Weirdness & Mutations

You have a pair of small horns on your head.
You are immune to rotting.


Message History

You hear a croak.
The orc hits you.
* * * LOW HITPOINT WARNING * * *
You hit the orc but do no damage. The orc hits you but does no damage.
You slash the orc! You burn the orc.
You kill the orc!
e - a scroll labeled ASEGUUGUMU
Things that are here:
2 exploding tomahawks; a ring mail 40fy's ghost (amateur Minotaur Fighter) comes into view.
You hit 40fy's ghost but do no damage. 40fy's ghost seems to slow down.
You headbutt 40fy's ghost, but do no damage. 40fy's ghost hits you.
* * * LOW HITPOINT WARNING * * *
You hit 40fy's ghost. 40fy's ghost convulses.
Your headbutt misses 40fy's ghost. 40fy's ghost is lightly damaged. 40fy's ghost hits you!
You die...
Xom bursts into laughter!

#.##########.###.####
#.# #.#...... #.#
#..#.. ... #..#.# #..
#..#.# ###
#..#.###.....
#...>.......#
#.##W######.# #.##@#
#.##.####.#
#.....(...#
####.###### #.# #.#
..# ###


You could see 40fy's ghost.

Vanquished Creatures
  Terence (D:3)
  2 adders (D:2)
  2 worms (D:2)
  A dart slug (D:3)
  4 leopard geckos
  2 orcs (D:3)
  A giant cockroach (D:2)
  3 goblins
  2 hobgoblins (D:2)
  6 jackals (D:1)
  4 kobolds
  A quokka (D:2)
  2 bats
  2 frilled lizards (D:1)
  2 rats
35 creatures vanquished.

Notes
Turn   | Place    | Note
-------+----------+-------------------------------------------
     0 | D:1      | Fonzie49 the Demonspawn Chaos Knight began the quest for the Orb.
     0 | D:1      | Reached XP level 1. HP: 18/18 MP: 1/1
    14 | D:1      | XOM: potion effect (berserk rage)
   129 | D:1      | XOM: medium Chrm miscast
   238 | D:1      | Gained mutation: You are immune to rotting. [demonic ancestry]
   238 | D:1      | Reached XP level 2. HP: 19/24 MP: 2/2
   319 | D:1      | XOM: smoke on damage
   446 | D:1      | XOM: polymorph rat -> frilled lizard
   449 | D:1      | XOM: smoke on damage
   630 | D:2      | Found a shattered altar of Ashenzari.
   697 | D:2      | Reached XP level 3. HP: 18/29 MP: 3/3
   901 | D:2      | Found a basalt altar of Yredelemnul.
   937 | D:2      | Reached skill level 1 in Dodging
  1093 | D:3      | XOM: noise
  1100 | D:3      | Noticed Terence
  1103 | D:3      | Noticed Grinder
  1107 | D:3      | Paralysed by Grinder for 3 turns
  1108 | D:3      | XOM: fake destruction
  1112 | D:3      | HP: 1/29 [Terence/hand axe (3)]
  1113 | D:3      | Paralysed by Grinder for 4 turns
  1125 | D:3      | XOM: confusion (+ monsters)
  1159 | D:2      | XOM: noise
  1355 | D:2      | XOM: harmless Air miscast
  1651 | D:3      | XOM: potion effect (brilliance)
  1655 | D:3      | Paralysed by Grinder for 2 turns
  1659 | D:3      | Killed Terence
  1659 | D:3      | Gained mutation: You have a pair of small horns on your head. [demonic ancestry]
  1659 | D:3      | Reached XP level 4. HP: 35/35 MP: 4/4
  1664 | D:3      | XOM: smoke on damage
  1679 | D:3      | Paralysed by Grinder for 4 turns
  1683 | D:3      | XOM: enchant monster (good)
  1685 | D:3      | XOM: 2-stop teleportation journey
  1709 | D:3      | Noticed 40fy's ghost (amateur MiFi)
  1711 | D:3      | Slain by 40fy's ghost

Skill      XL: |  1  2  3 |
---------------+----------+-----
Armour         | 2 |  2.9
Axes           | 3 |  3.6
Dodging        | 1 |  1.1
Fighting       | |  3.4
Stealth        | |  0.4

Action                   |  1- 3 |  4- 6 || total
-------------------------+-------+-------++-------
Melee: Hand axe          |   105 |    13 ||   118
       Headbutt          |       |     2 ||     2
  Use: Scroll            |     2 |       ||     2
       Potion            |     2 |       ||     2
  Eat: Royal jelly       |     1 |       ||     1
       Fruit             |       |     1 ||     1
Armor: Ring mail         |    46 |     5 ||    51
       Leather armour    |     7 |       ||     7
Dodge: Dodged            |    74 |     3 ||    77
